Map: Oxide LE

Players

SpeCial - Winner!

  • Race: Terran Terran
  • League: Master
  • Spawn Location: 7:00

MaxPax

  • Race: Protoss Protoss
  • Spawn Location: 1:00

Event: ASUS ROG Online 2020

VOD

Have the link to the VOD?

Description

Time

  • Played on: Nov. 27, 2020, 10:41 a.m.
  • Length: 20:44

All games in this series

Show
View Real Time Build Order
Export as new Build Order

SpeCial Terran - Winner!

Build Orders: Liberator Opening 

Get SALT Encoding   

  12  0:00  SCV  
  13  0:12  SCV  
  14  0:17  Supply Depot  
  14  0:24  SCV  
  15  0:39  SCV  
  15  0:40  Barracks  
  16  0:44  Refinery  
  16  0:51  SCV  
  17  1:03  SCV  
  18  1:15  SCV  
  19  1:28  Orbital Command  
  19  1:29  Marine  
  20  1:44  Command Center  
  20  1:47  Reaper  
  21  1:56  SCV  
  21  2:00  Supply Depot  
  22  2:08  SCV  
  23  2:13  Factory  
  23  2:21  SCV  
  24  2:23  Barracks Reactor  
  24  2:24  Bunker  
  24  2:28  Refinery  
  24  2:33  SCV  
  25  2:45  SCV  
  26  2:57  SCV  
  26  2:58  Orbital Command  
  29  3:02  Factory Tech Lab, Marine x2  
  28  3:06  Starport  
  28  3:11  SCV  
  29  3:20  Marine x2  
  29  3:23  SCV  
  29  3:25  SCV  
  29  3:26  Cyclone  
  36  3:34  Supply Depot  
  36  3:36  SCV  
  36  3:38  Marine x2  
  41  3:52  Barracks, SCV x2  
  41  3:53  Liberator  
  44  3:55  Marine  
  44  3:56  Marine  
  46  4:04  SCV x2  
  48  4:10  Barracks  
  48  4:11  Supply Depot  
  48  4:15  Siege Tank  
  48  4:16  SCV  
  52  4:18  SCV  
  52  4:21  Marine  
  54  4:27  Supply Depot  
  54  4:32  Marine  
  54  4:33  SCV x2  
  54  4:34  Refinery  
  54  4:35  Engineering Bay  
  57  4:39  Starport Tech Lab  
  57  4:41  Marine  
  57  4:45  SCV x2  
  60  4:50  Marine  
  61  4:57  Supply Depot, SCV x2  
  61  4:58  Stimpack, Marine  
  64  5:04  Starport Reactor  
  64  5:06  Terran Infantry Weapons Level 1  
  64  5:07  Marine x2  
  64  5:08  Refinery, Marine  
  64  5:09  SCV x2  
  69  5:15  Supply Depot, Marine  
  69  5:19  Supply Depot  
  70  5:27  Marine x2  
  72  5:29  Widow Mine  
  72  5:30  Marauder  
  72  5:33  SCV x2  
  78  5:37  Marauder  
  78  5:40  Medivac  
  78  5:41  Medivac  
  84  5:46  SCV  
  84  5:47  Supply Depot, Marine  
  84  5:48  Marine  
  87  5:50  Combat Shield  
  87  5:54  Missile Turret  
  87  5:55  Missile Turret  
  87  5:59  Marine  
  87  6:00  Marine  
  87  6:03  Widow Mine  
  91  6:05  Marine x2  
  91  6:08  SCV  
  91  6:09  SCV  
  92  6:20  SCV  
  93  6:27  Marine x2  
  93  6:28  Marauder  
  93  6:30  SCV  
  93  6:31  Medivac, Widow Mine  
  102  6:35  Medivac  
  90  6:51  Command Center  
  79  6:54  Marine  
  79  6:55  Marauder x2, Marine  
  74  7:05  Viking x2  
  76  7:12  Marine x2  
  76  7:13  Terran Infantry Armor Level 1  
  76  7:14  Barracks  
  78  7:16  Barracks, Concussive Shells  
  78  7:17  Marauder x2  
  78  7:19  Widow Mine  
  78  7:21  SCV x2  
  86  7:30  Marine x2  
  86  7:33  SCV  
  86  7:36  Viking x2  
  93  7:38  Marauder  
  93  7:39  SCV  
  93  7:43  Marauder  
  98  7:45  SCV  
  98  7:48  Marine x2  
  98  7:51  Ghost Academy, SCV  
  102  8:00  Supply Depot  
  102  8:02  Barracks Tech Lab  
  102  8:03  Barracks Reactor, SCV  
  103  8:05  Orbital Command  
  103  8:09  SCV  
  103  8:11  Viking x2  
  103  8:12  Marine x2  
  110  8:14  Marauder  
  110  8:15  SCV  
  113  8:26  Armory  
  113  8:30  Ghost x2, Marine x2  
  120  8:34  Ghost, SCV x2  
  120  8:35  SCV  
  120  8:40  Supply Depot  
  122  8:41  Supply Depot  
  122  8:47  Viking  
  124  8:50  Supply Depot, Viking  
  126  8:57  Widow Mine  
  126  8:59  SCV x2  
  126  9:01  SCV  
  131  9:02  Refinery  
  131  9:08  Marine x4  
  135  9:11  Marauder x3  
  135  9:15  SCV x3, Refinery  
  144  9:24  Terran Infantry Weapons Level 2  
  144  9:27  SCV  
  144  9:29  Viking x2  
  149  9:42  Marine x5  
  149  9:45  Marauder  
  156  9:50  Supply Depot, Marauder, Widow Mine  
  156  9:51  Command Center  
  160  9:57  Enhanced Shockwaves  
  160  9:58  Viking  
  160  9:59  Supply Depot  
  160  10:07  Ghost x2  
  160  10:08  Marine  
  160  10:11  Marine x2  
  160  10:13  Supply Depot  
  167  10:15  SCV x3  
  170  10:22  Marine x2  
  170  10:27  Viking  
  174  10:28  Viking  
  174  10:30  SCV x3  
  164  10:43  Marauder, Marine  
  153  10:57  Viking  
  153  10:58  Viking  
  153  11:00  Marauder, Marine  
  139  11:05  Marine  
  139  11:06  Marauder  
  139  11:10  Marine  
  139  11:11  Marauder, Marine  
  136  11:18  Marine  
  122  11:22  Marauder  
  122  11:23  Widow Mine, Marine  
  123  11:27  Marauder  
  123  11:28  Marine  
  123  11:29  Marine  
  123  11:32  Marauder  
  118  11:35  Marine  
  118  11:41  Marine  
  118  11:43  Planetary Fortress, Marauder  
  118  11:44  Widow Mine  
  118  11:45  SCV x2  
  118  11:46  Missile Turret x2, Marine  
  126  11:47  Marine  
  126  11:48  Missile Turret  
  126  11:49  Marauder  
  126  11:53  Marauder  
  128  11:56  Reaper  
  128  12:00  Medivac x2  
  130  12:02  Marine  
  130  12:04  Marauder, Marine  
  130  12:05  Widow Mine, Marine  
  137  12:10  Marauder  
  137  12:15  Marauder  
  141  12:20  Marine  
  142  12:25  Ghost  
  142  12:26  SCV x3  
  142  12:27  Widow Mine  
  142  12:29  Marine x2  
  148  12:30  Ghost  
  148  12:33  Marine  
  148  12:35  Ghost  
  153  12:43  SCV x2  
  156  12:44  SCV  
  156  12:48  Missile Turret, Orbital Command, Widow Mine  
  158  12:53  Marine x3  
  158  12:54  Marauder  
  163  12:59  Marine  
  163  13:00  Marauder  
  163  13:02  SCV  
  163  13:05  Marauder  
  169  13:11  Marine  
  170  13:15  Ghost, Marine  
  170  13:19  Marine  
  169  13:20  Ghost, SCV x2  
  172  13:28  SCV x2  
  172  13:30  Terran Infantry Weapons Level 3, Marauder, Marine  
  172  13:33  SCV  
  178  13:41  Barracks x2  
  178  13:43  Marine  
  178  13:47  Marine  
  178  13:48  Barracks  
  182  13:50  Marauder  
  165  14:02  Marine x2  
  163  14:05  Command Center  
  163  14:09  Marine  
  159  14:27  Marauder, Marine  
  159  14:29  Ghost  
  159  14:30  Ghost, Marine x2  
  165  14:31  Marine  
  163  14:45  Marine  
  164  14:48  Marauder  
  164  14:52  Marine x2  
  164  14:54  Marine  
  164  14:56  Marine  
  168  15:03  SCV x2  
  168  15:06  SCV  
  171  15:10  Marine  
  171  15:11  Marine  
  171  15:13  Marine  
  173  15:15  SCV  
  173  15:16  SCV  
  173  15:18  Marauder  
  177  15:25  Planetary Fortress  
  177  15:28  Marauder, Marine  
  171  15:30  Marine x2  
  173  15:41  Marauder, Marine  
  176  15:49  Marine  
  155  15:50  Marauder  
  130  16:06  Marine x3  
  130  16:07  Marauder, Marine  
  130  16:10  Medivac  
  124  16:13  Widow Mine  
  124  16:16  Marine  
  122  16:19  Marauder  
  122  16:22  Marauder, SCV x2  
  122  16:24  Marine x2  
  117  16:29  Marine  
  117  16:30  Marauder  
  113  16:34  Marine  
  113  16:35  Barracks Reactor, Barracks Tech Lab  
  113  16:36  Barracks Tech Lab  
  113  16:37  Medivac  
  114  16:40  Medivac  
  114  16:41  Marauder, Refinery  
  114  16:42  Refinery, Marine x2  
  114  16:43  Sensor Tower, Marine  
  114  16:47  Marine  
  121  16:51  Command Center  
  121  16:52  Marauder  
  124  16:55  Marine  
  124  16:56  Marauder  
  129  17:01  Marauder, Ghost  
  129  17:07  Marine  
  129  17:08  Marauder  
  130  17:10  Widow Mine, Marine  
  130  17:12  Ghost  
  130  17:14  Marine  
  133  17:17  Marauder  
  133  17:19  SCV  
  124  17:22  Marauder  
  124  17:28  Orbital Command  
  124  17:29  Marauder  
  122  17:31  Marauder  
  122  17:33  SCV  
  122  17:34  SCV x2  
  108  17:39  Marauder  
  108  17:40  Marine  
  108  17:41  Marauder  
  107  17:49  Marine  
  107  17:50  Marauder  
  106  17:52  Medivac x2  
  106  17:53  SCV x4  
  106  17:57  Marauder, Marine x4  
  120  18:02  Marauder  
  120  18:05  SCV  
  123  18:12  Marauder, Marine  
  126  18:16  SCV x2  
  126  18:22  Marauder, Marine  
  126  18:23  SCV  
  126  18:24  Marauder, Marine  
  133  18:31  Marine x2  
  133  18:32  Marauder, Marine  
  133  18:33  Medivac  
  133  18:34  Medivac  
  139  18:39  Marauder, Marine x2  
  141  18:41  Marine  
  141  18:43  SCV x2  
  141  18:45  Marauder, Marine  
  143  18:50  Marauder, Marine x2  
  147  19:00  Factory Reactor  
  147  19:01  Marauder, Marine  
  147  19:02  Starport  
  150  19:08  Marauder, Marine  
  144  19:10  Marine  
  144  19:11  Marauder  
  145  19:19  Viking x2  
  144  19:34  Marauder, Marine  
  147  19:40  Missile Turret x2  
  147  19:43  Missile Turret  
  140  19:45  Marine  
  140  19:46  Marauder  
  140  19:49  Viking  
  141  19:54  Planetary Fortress  
  141  20:01  Marauder, Marine  
  141  20:05  Marauder  
  136  20:11  Marine  
  136  20:12  Marine  
  105  20:21  Marauder  
Show
View Real Time Build Order
Export as new Build Order

MaxPax Protoss 

Build Orders: 1 Gate Expand, Oracle Opening, Phoenix Opening, Colossus Rush 

Get SALT Encoding   

  12  0:00  Probe  
  13  0:12  Probe  
  14  0:17  Pylon  
  14  0:24  Probe (Chrono Boost)  
  15  0:36  Probe (Chrono Boost)  
  15  0:39  Gateway  
  16  0:44  Probe (Chrono Boost)  
  17  0:50  Assimilator  
  17  0:51  Probe  
  18  1:03  Probe  
  19  1:15  Probe  
  20  1:27  Cybernetics Core  
  20  1:35  Nexus  
  20  1:38  Probe  
  21  1:46  Pylon  
  21  1:50  Probe  
  22  1:55  Assimilator  
  22  2:01  Adept (Chrono Boost)  
  22  2:02  Probe (Chrono Boost)  
  25  2:14  Probe (Chrono Boost)  
  26  2:19  Probe (Chrono Boost)  
  27  2:24  Adept (Chrono Boost)  
  27  2:28  Probe  
  30  2:30  Stargate  
  30  2:35  Warp Gate  
  30  2:40  Probe  
  31  2:48  Probe  
  31  2:51  Adept (Chrono Boost)  
  31  2:52  Probe  
  33  3:00  Probe  
  33  3:04  Probe  
  35  3:10  Oracle (Chrono Boost)  
  35  3:12  Probe  
  36  3:17  Probe  
  40  3:23  Gateway  
  40  3:24  Probe  
  41  3:29  Probe  
  41  3:30  Pylon  
  42  3:36  Probe  
  42  3:38  Robotics Facility  
  42  3:41  Probe  
  44  3:43  Assimilator  
  44  3:49  Probe  
  44  3:51  Phoenix (Chrono Boost)  
  44  3:53  Probe  
  48  4:01  Probe  
  49  4:05  Probe  
  49  4:06  Assimilator  
  50  4:13  Phoenix (Chrono Boost), Probe  
  50  4:14  Pylon  
  53  4:17  Probe  
  54  4:27  Pylon  
  54  4:32  Phoenix, Probe x2  
  54  4:37  Pylon  
  58  4:39  Immortal  
  62  4:49  Stalker x2, Shield Battery  
  62  4:51  Probe  
  67  4:56  Phoenix (Chrono Boost)  
  69  5:08  Robotics Bay  
  69  5:13  Nexus  
  69  5:16  Phoenix  
  71  5:25  Observer  
  71  5:26  Pylon  
  71  5:27  Probe  
  71  5:28  Probe  
  74  5:34  Zealot x2  
  78  5:43  Gateway  
  78  5:44  Probe x2  
  78  5:45  Pylon  
  78  5:49  Shield Battery  
  80  5:52  Colossus (Chrono Boost)  
  86  6:00  Pylon  
  86  6:03  Probe  
  87  6:10  Probe  
  85  6:15  Zealot x2  
  85  6:17  Probe  
  87  6:24  Probe  
  88  6:29  Probe  
  88  6:30  Phoenix  
  86  6:38  Colossus (Chrono Boost)  
  88  6:44  Zealot x2  
  81  6:55  Phoenix (Chrono Boost)  
  81  6:59  Probe  
  81  7:00  Probe  
  78  7:11  Probe  
  78  7:12  Twilight Council  
  78  7:14  Forge  
  78  7:16  Forge  
  78  7:17  Probe x2  
  78  7:18  Phoenix (Chrono Boost)  
  78  7:19  Extended Thermal Lance  
  82  7:23  Shield Battery  
  82  7:25  Sentry, Zealot  
  82  7:26  Zealot, Observer (Chrono Boost)  
  82  7:27  Probe  
  90  7:31  Probe  
  90  7:32  Probe  
  92  7:39  Probe  
  92  7:40  Pylon  
  92  7:43  Phoenix (Chrono Boost), Assimilator, Probe  
  94  7:44  Assimilator  
  94  7:45  Protoss Ground Armor Level 1 (Chrono Boost)  
  94  7:50  Probe  
  97  7:55  Protoss Ground Weapons Level 1 (Chrono Boost)  
  97  8:04  Zealot x3  
  103  8:06  Colossus (Chrono Boost)  
  103  8:10  Pylon  
  109  8:17  Probe  
  109  8:20  Phoenix  
  109  8:25  Probe  
  109  8:26  Charge (Chrono Boost)  
  113  8:27  Gateway  
  113  8:29  Gateway  
  113  8:33  Gateway  
  112  8:35  Gateway  
  110  8:41  Shield Battery  
  110  8:44  Zealot x3, Photon Cannon  
  116  8:53  Observer (Chrono Boost)  
  117  8:56  Templar Archives  
  117  9:00  Probe  
  117  9:01  Gateway  
  120  9:08  Observer, Nexus  
  119  9:12  Zealot  
  119  9:13  Zealot  
  119  9:14  Probe  
  124  9:25  Zealot x3  
  124  9:29  Pylon  
  124  9:31  Pylon x2  
  129  9:36  Observer  
  129  9:37  High Templar x2  
  133  9:41  Archon  
  133  9:46  Photon Cannon  
  133  9:48  Warp Prism (Chrono Boost)  
  133  9:49  Pylon, High Templar x2  
  138  9:55  Archon, High Templar x2  
  142  10:05  Archon  
  137  10:08  Zealot x2  
  137  10:09  Protoss Ground Armor Level 2 (Chrono Boost)  
  137  10:13  Zealot x2  
  139  10:17  Observer (Chrono Boost)  
  140  10:29  Pylon, Protoss Ground Weapons Level 2 (Chrono Boost)  
  140  10:32  Zealot x6  
  146  10:45  Stalker x2  
  150  10:54  Zealot x5  
  150  10:55  Zealot  
  156  10:58  Disruptor (Chrono Boost)  
  128  11:09  Zealot x2  
  120  11:16  Probe  
  120  11:18  Zealot x6  
  110  11:40  Gateway, Disruptor (Chrono Boost)  
  110  11:43  High Templar x2  
  110  11:44  High Templar x4  
  110  11:45  Zealot x2  
  126  11:50  Archon x3  
  126  11:52  Nexus  
  125  11:57  Blink (Chrono Boost)  
  125  11:58  Disruptor (Chrono Boost)  
  122  12:06  Probe x2  
  124  12:19  Zealot  
  124  12:20  Zealot x7  
  130  12:30  Disruptor (Chrono Boost)  
  133  12:46  Stalker x6  
  145  12:54  Nexus  
  145  12:55  Pylon  
  145  12:57  Zealot x3  
  141  13:13  Disruptor (Chrono Boost)  
  141  13:17  Probe x2  
  146  13:22  High Templar x2, Robotics Facility  
  146  13:23  Zealot x3, High Templar x2  
  160  13:30  Archon x2  
  154  13:34  Probe x2  
  154  13:35  Probe  
  153  13:46  Probe  
  139  13:58  Disruptor (Chrono Boost)  
  113  14:03  High Templar x4  
  113  14:05  Zealot x5  
  113  14:09  Archon x2  
  131  14:15  Disruptor (Chrono Boost)  
  134  14:21  Nexus  
  131  14:30  Stalker  
  131  14:31  Stalker x3  
  136  14:36  Disruptor (Chrono Boost)  
  133  14:41  Probe x2  
  133  14:42  Pylon  
  138  14:46  Disruptor (Chrono Boost)  
  138  14:51  Zealot x3  
  142  15:01  Observer  
  142  15:04  Stalker x3  
  143  15:12  Zealot  
  143  15:13  Zealot x2  
  149  15:18  Probe x2  
  149  15:19  Probe  
  152  15:30  Observer  
  152  15:32  Stalker x2  
  147  15:43  Disruptor  
  143  15:53  Zealot x4  
  112  16:07  Zealot x2  
  112  16:08  Zealot x2  
  108  16:25  Zealot x4  
  102  16:31  High Templar x2  
  102  16:32  High Templar x2  
  109  16:35  Archon  
  109  16:36  Archon  
  111  16:40  Zealot  
  111  16:47  High Templar x4  
  111  16:52  Archon x2  
  119  16:58  Observer  
  120  17:07  Zealot x5  
  130  17:13  Disruptor  
  119  17:25  Observer  
  116  17:31  Zealot x2  
  116  17:32  Zealot x4  
  112  17:39  Probe  
  99  17:55  Nexus  
  99  17:58  Colossus (Chrono Boost)  
  105  18:06  Assimilator  
  105  18:07  Assimilator  
  105  18:12  Pylon  
  105  18:14  Zealot x4, Colossus (Chrono Boost)  
  105  18:18  High Templar x2  
  117  18:23  Archon  
  117  18:25  Probe x3  
  101  18:28  Probe  
  102  18:37  Probe x3  
  102  18:40  Probe  
  107  18:43  Observer (Chrono Boost)  
  107  18:46  Stalker x2  
  111  18:49  Probe x2  
  111  18:54  Probe  
  98  19:18  Zealot  
  98  19:19  Zealot x4  
  102  19:35  High Templar x2  
  102  19:36  Zealot x2  
  101  19:40  Archon  
  101  19:44  Observer  
  99  19:51  Zealot  
  55  20:19  Zealot x3  
  32  20:37  High Templar x2  
Tags
 
Add a new tag
Caveats
  • Supply blocks, unpowered buildings, or Contaminate may cause inaccurate times.
  • Supply counts are checked every 10 seconds.